TOP OF THE 1ST |
---|
Culver City Extras batting - Pitching for Riverside Red Bulls : LHP Alberto Pagán | Pitching: LHP Alberto Pagán | | Batting: RHB Horace Johnson | 0-0: Ball 1-0: Foul Ball, location: 2F 1-1: Ball 2-1: Bunt missed! 2-2: Foul Ball, location: 2F 2-2: Ball 3-2: Foul Ball, location: 2F 3-2: Foul Ball, location: 2F 3-2: Foul Ball, location: 2F 3-2: Ground out 4-3 (Groundball, 4M) | Batting: RHB Mitchell Darragh | 0-0: Swinging Strike 0-1: Ball 1-1: Ball 2-1: Ball 3-1: SINGLE (Flyball, 89S) | Batting: RHB Pancho Reyna | 0-0: Ball 1-0: Ball 2-0: Swinging Strike 2-1: Foul Ball, location: 2F 2-2: SINGLE (Groundball, 6MD) Mitchell Darragh to second Runner from 2nd tries for 3rd, SAFE, throw made to third | Batting: LHB Randy Wiggins | 0-0: Ball 1-0: Ball 2-0: Fly out, F8 (Flyball, 78S) Runner from 3rd tags up, SCORES, no throw | Batting: RHB Marcos Liñares | 0-0: Called Strike 0-1: Swinging Strike 0-2: Fly out, F9 (Flyball, 9D) | Top of the 1st over - 1 run, 2 hits, 0 errors, 1 left on base; Culver City 1 - Riverside 0 | BOTTOM OF THE 1ST |
---|
Riverside Red Bulls batting - Pitching for Culver City Extras : LHP Sebastián Cervantes | Pitching: LHP Sebastián Cervantes | | Batting: RHB Bobby Miller | 0-0: Called Strike 0-1: Ball 1-1: Foul Ball, location: 2F 1-2: Foul Ball, location: 2F 1-2: Ball 2-2: Ball 3-2: Ground out 5-3 (Groundball, 5) | Batting: LHB Miguel Gálvez | 0-0: Swinging Strike 0-1: Ball 1-1: Foul Ball, location: 2F 1-2: Ball 2-2: Strikes out looking | Batting: RHB José García | 0-0: Called Strike 0-1: Ball 1-1: Swinging Strike 1-2: Ball 2-2: Strikes out swinging | Bottom of the 1st over - 0 runs, 0 hits, 0 errors, 0 left on base; Culver City 1 - Riverside 0 | TOP OF THE 2ND |
---|
Culver City Extras batting - Pitching for Riverside Red Bulls : LHP Alberto Pagán | Batting: LHB Buddy Rice | 0-0: Ball 1-0: Fly out, F4 (Popup, 13) | Batting: RHB Ricardo Deleón | 0-0: Ball 1-0: Ball 2-0: Foul Ball, location: 2F 2-1: Fly out, F7 (Flyball, 78M) | Batting: LHB Juan Hinojosa | 0-0: Ball 1-0: Fly out, F8 (Line Drive, 8LS) | Top of the 2nd over - 0 runs, 0 hits, 0 errors, 0 left on base; Culver City 1 - Riverside 0 | BOTTOM OF THE 2ND |
---|
Riverside Red Bulls batting - Pitching for Culver City Extras : LHP Sebastián Cervantes | Batting: RHB Patrick Daniels | 0-0: Called Strike 0-1: Fly out, F8 (Flyball, 8RXD) | Batting: RHB Gilberto Silva | 0-0: Ball 1-0: Ball 2-0: Called Strike 2-1: Ball 3-1: Ground out 6-3 (Groundball, 6) | Batting: RHB Robert Stevens | 0-0: Ball 1-0: Ball 2-0: Ball 3-0: Base on Balls | Batting: SHB Walt Simmons | 0-0: Foul Ball, location: 2F 0-1: Ball 1-1: Swinging Strike 1-2: Ball 2-2: Ball 3-2: SINGLE (Groundball, 56D) Robert Stevens to second Robert Stevens to third | Batting: RHB Fernando Bórquez | 0-0: Ball 1-0: DOUBLE (Flyball, 8LD) Robert Stevens scores Walt Simmons to third Runner from 3rd tries for Home, throw and OUT! | Bottom of the 2nd over - 1 run, 2 hits, 0 errors, 1 left on base; Culver City 1 - Riverside 1 | TOP OF THE 3RD |
---|
Culver City Extras batting - Pitching for Riverside Red Bulls : LHP Alberto Pagán | Batting: LHB Richard Bell | 0-0: Ground out 5-3 (Groundball, 5) | Batting: RHB Horace Johnson | 0-0: Called Strike 0-1: Ball 1-1: Ball 2-1: Ball 3-1: Fly out, F9 (Flyball, 9D) | Batting: RHB Mitchell Darragh | 0-0: Ball 1-0: Ball 2-0: Called Strike 2-1: Ball 3-1: Base on Balls | Batting: RHB Pancho Reyna | 0-0: Ball 1-0: Foul Ball, location: 2F 1-1: Ball 2-1: Ball 3-1: Ground out 4-3 (Groundball, 4) | Top of the 3rd over - 0 runs, 0 hits, 0 errors, 1 left on base; Culver City 1 - Riverside 1 | BOTTOM OF THE 3RD |
---|
Riverside Red Bulls batting - Pitching for Culver City Extras : LHP Sebastián Cervantes | Batting: RHB Gilberto Tovar | 0-0: Called Strike 0-1: Ball 1-1: Ball 2-1: Ground out 6-3 (Groundball, 6M) | Batting: RHB Bobby Miller | 0-0: Called Strike 0-1: Ball 1-1: Foul Ball, location: 2F 1-2: Foul Ball, location: 2F 1-2: Ground out 6-3 (Groundball, 6) | Batting: LHB Miguel Gálvez | 0-0: DOUBLE (Flyball, 8LXD) | Batting: RHB José García | 0-0: Ball 1-0: Ball 2-0: Called Strike 2-1: Swinging Strike 2-2: Foul Ball, location: 2F 2-2: Foul Ball, location: 2F 2-2: Ball 3-2: Base on Balls | Batting: RHB Patrick Daniels | 0-0: Called Strike 0-1: Foul Ball, location: 2F 0-2: Ball 1-2: Ball 2-2: Fielders Choice at 2nd, 5-4 (Groundball, 56) | Bottom of the 3rd over - 0 runs, 1 hit, 0 errors, 2 left on base; Culver City 1 - Riverside 1 | TOP OF THE 4TH |
---|
Culver City Extras batting - Pitching for Riverside Red Bulls : LHP Alberto Pagán | Batting: LHB Randy Wiggins | 0-0: Ball 1-0: Ball 2-0: Called Strike 2-1: Fly out, F9 (Flyball, 9LM) | Batting: RHB Marcos Liñares | 0-0: Foul Ball, location: 2F 0-1: Foul Ball, location: 2F 0-2: Strikes out swinging | Batting: LHB Buddy Rice | 0-0: Ball 1-0: Foul Ball, location: 2F 1-1: Called Strike 1-2: Foul Ball, location: 2F 1-2: Ball 2-2: Strikes out swinging | Top of the 4th over - 0 runs, 0 hits, 0 errors, 0 left on base; Culver City 1 - Riverside 1 | BOTTOM OF THE 4TH |
---|
Riverside Red Bulls batting - Pitching for Culver City Extras : LHP Sebastián Cervantes | Batting: RHB Gilberto Silva | 0-0: Ball 1-0: Ball 2-0: Swinging Strike 2-1: SINGLE (Flyball, 89S) | Batting: RHB Robert Stevens | 0-0: Ball 1-0: Foul Ball, location: 2F 1-1: Called Strike Pickoff Throw to First - Out! 1-2: Ball 2-2: Fly out, F8 (Flyball, 8LD) | Batting: SHB Walt Simmons | 0-0: Ball 1-0: Ball 2-0: Ball 3-0: Base on Balls | Batting: RHB Fernando Bórquez | 0-0: Ball 1-0: Ball 2-0: Swinging Strike 2-1: SINGLE (Groundball, 56D) Walt Simmons to second | Batting: RHB Gilberto Tovar | 0-0: Ball 1-0: Ball 2-0: Foul Ball, location: 2F 2-1: Swinging Strike 2-2: Foul Ball, location: 2F 2-2: Ball 3-2: Foul Ball, location: 2F 3-2: Foul Ball, location: 2F 3-2: Base on Balls Walt Simmons to third Fernando Bórquez to second | Batting: RHB Bobby Miller | 0-0: Reached on error, E6 (Groundball, 6) Walt Simmons scores Fernando Bórquez to third Gilberto Tovar to second | Batting: LHB Miguel Gálvez | 0-0: Called Strike 0-1: GRAND SLAM HOME RUN (Flyball, 89XD), Distance : 429 ft | Batting: RHB José García | 0-0: Called Strike 0-1: Ball 1-1: Ball 2-1: Ball 3-1: SINGLE (Groundball, 23) (infield hit) | Batting: RHB Patrick Daniels | 0-0: Ball José García steals 2nd base 1-0: Ball 2-0: Ball 3-0: Called Strike 3-1: Base on Balls | Batting: RHB Gilberto Silva | 0-0: Ball 1-0: Fielders Choice at 2nd, 6-4 (Groundball, 6) | Bottom of the 4th over - 5 runs, 4 hits, 1 error, 2 left on base; Culver City 1 - Riverside 6 | TOP OF THE 5TH |
---|
Culver City Extras batting - Pitching for Riverside Red Bulls : LHP Alberto Pagán | Batting: RHB Ricardo Deleón | 0-0: Ball 1-0: Ball 2-0: Foul Ball, location: 2F 2-1: SINGLE (Groundball, 56D) | Batting: LHB Juan Hinojosa | 0-0: Ball 1-0: Swinging Strike 1-1: Ball 2-1: DOUBLE (Flyball, 89XD) Ricardo Deleón to third | Batting: LHB Richard Bell | 0-0: Ball 1-0: Fly out, F9 (Flyball, 89S) | Batting: RHB Horace Johnson | 0-0: Swinging Strike 0-1: Ball 1-1: Foul Ball, location: 2F 1-2: Ball 2-2: Foul Ball, location: 2F 2-2: Ball 3-2: Fly out, F3 (Line Drive, 34) | Batting: RHB Mitchell Darragh | 0-0: Ball 1-0: Ball 2-0: SINGLE (Flyball, 7S) Ricardo Deleón scores Juan Hinojosa to third Runner from 3rd tries for Home, SAFE, no throw | Batting: RHB Pancho Reyna | 0-0: SINGLE (Flyball, 34D) Mitchell Darragh to second Runner from 2nd tries for 3rd, SAFE, throw made to third | Pinch Runner at 3rd Jason McIntosh: | | Batting: LHB Randy Wiggins | 0-0: Foul Ball, location: 2F 0-1: Ball 1-1: Ball 2-1: Foul Ball, location: 2F 2-2: Strikes out swinging | Top of the 5th over - 2 runs, 4 hits, 0 errors, 2 left on base; Culver City 3 - Riverside 6 | TOP OF THE 6TH |
---|
Culver City Extras batting - Pitching for Riverside Red Bulls : LHP Alberto Pagán | Batting: RHB Marcos Liñares | 0-0: SOLO HOME RUN (Flyball, 78XD) (Inside the Park) | Batting: LHB Buddy Rice | 0-0: Ball 1-0: Ball 2-0: Called Strike 2-1: Foul Ball, location: 2F 2-2: Foul Ball, location: 2F 2-2: Strikes out looking | Batting: RHB Ricardo Deleón | 0-0: Ball 1-0: Ball 2-0: Ball 3-0: Base on Balls | Batting: LHB Juan Hinojosa | 0-0: Called Strike 0-1: Fielders Choice at 2nd, 1-6 (Groundball, 13) | Batting: LHB Richard Bell | 0-0: Called Strike 0-1: Called Strike 0-2: Ball 1-2: Fly out, F9 (Flyball, 9D) | Top of the 6th over - 1 run, 1 hit, 0 errors, 1 left on base; Culver City 4 - Riverside 6 | BOTTOM OF THE 6TH |
---|
Riverside Red Bulls batting - Pitching for Culver City Extras : RHP Robinson Flores | Batting: LHB Miguel Gálvez | 0-0: Called Strike 0-1: Called Strike 0-2: Strikes out swinging | Batting: RHB José García | 0-0: Called Strike 0-1: Foul Ball, location: 2F 0-2: Foul Ball, location: 2F 0-2: Ball 1-2: Strikes out swinging | Batting: RHB Patrick Daniels | 0-0: Swinging Strike 0-1: Fly out, F9 (Flyball, 89S) | Bottom of the 6th over - 0 runs, 0 hits, 0 errors, 0 left on base; Culver City 4 - Riverside 6 | TOP OF THE 7TH |
---|
Culver City Extras batting - Pitching for Riverside Red Bulls : LHP Alberto Pagán | Pitching: RHP Juan Herrera | | Batting: RHB Horace Johnson | 0-0: Called Strike 0-1: Foul Ball, location: 2F 0-2: Foul Ball, location: 2F 0-2: Ball 1-2: Ball 2-2: Ball 3-2: SINGLE (Flyball, 9S) | Batting: RHB Jason McIntosh | 0-0: Called Strike 0-1: Foul Ball, location: 2F 0-2: Ball 1-2: Foul Ball, location: 2F 1-2: Foul Ball, location: 2F 1-2: Ball Horace Johnson steals 2nd base 2-2: Ball 3-2: Base on Balls | Batting: RHB Pancho Reyna | 0-0: Foul Ball, location: 2F 0-1: Ball 1-1: Ball 2-1: Swinging Strike Passed Ball! Horace Johnson to third Jason McIntosh to second 2-2: Strikes out swinging | Batting: LHB Randy Wiggins | 0-0: Ball 1-0: Swinging Strike 1-1: Swinging Strike 1-2: Ball 2-2: Strikes out looking | Pinch Hitting: LHB Tony Smith | 0-0: Called Strike 0-1: Ball 1-1: Foul Ball, location: 2F 1-2: Ball 2-2: 3-RUN HOME RUN (Flyball, 7LD), Distance : 391 ft | Pitching: RHP Gustavo Castillo | | Batting: LHB Buddy Rice | 0-0: Called Strike 0-1: Fly out, F7 (Flyball, 7) | Top of the 7th over - 3 runs, 2 hits, 0 errors, 0 left on base; Culver City 7 - Riverside 6 | BOTTOM OF THE 7TH |
---|
Riverside Red Bulls batting - Pitching for Culver City Extras : RHP Robinson Flores | Now at 2B: Juan Carlos Mesa | | Now in RF: Joey Boyd | | Batting: RHB Gilberto Silva | 0-0: Fly out, F7 (Flyball, 78M) | Batting: RHB Robert Stevens | 0-0: Called Strike 0-1: Ball 1-1: Fly out, F8 (Line Drive, 8LD) | Batting: SHB Walt Simmons | 0-0: Swinging Strike 0-1: Ball 1-1: Ball 2-1: Ball 3-1: Swinging Strike 3-2: Fly out, F4 (Popup, 4M) | Bottom of the 7th over - 0 runs, 0 hits, 0 errors, 0 left on base; Culver City 7 - Riverside 6 | TOP OF THE 8TH |
---|
Culver City Extras batting - Pitching for Riverside Red Bulls : RHP Gustavo Castillo | Batting: RHB Ricardo Deleón | 0-0: Ball 1-0: Ball 2-0: SINGLE (Line Drive, 34) | Pinch Runner at 1st Jorge Martínez: | | Batting: LHB Juan Hinojosa | 0-0: Ball 1-0: Called Strike 1-1: Called Strike 1-2: Ball 2-2: SINGLE (Flyball, 7LS) Jorge Martínez to second | Batting: LHB Richard Bell | 0-0: Grounds into double play, 5-4-3 (Groundball, 5) Jorge Martínez to third | Batting: RHB Horace Johnson | 0-0: Ball 1-0: Swinging Strike 1-1: Ball 2-1: Ball 3-1: Swinging Strike 3-2: Base on Balls | Batting: RHB Jason McIntosh | 0-0: Ball 1-0: Called Strike 1-1: Ball 2-1: Ball 3-1: Foul Ball, location: 2F 3-2: SINGLE (Flyball, 89M) Jorge Martínez scores Horace Johnson to second Horace Johnson to third | Batting: RHB Pancho Reyna | 0-0: Ball 1-0: Called Strike 1-1: Ball 2-1: Swinging Strike 2-2: Strikes out swinging | Top of the 8th over - 1 run, 3 hits, 0 errors, 2 left on base; Culver City 8 - Riverside 6 | BOTTOM OF THE 8TH |
---|
Riverside Red Bulls batting - Pitching for Culver City Extras : RHP Robinson Flores | Now at SS: Dave Anderson | | Batting: RHB Fernando Bórquez | 0-0: Ball 1-0: Swinging Strike 1-1: Foul Ball, location: 2F 1-2: SINGLE (Groundball, 6MS) (infield hit) | Batting: RHB Gilberto Tovar | 0-0: Called Strike 0-1: Ball 1-1: Ball 2-1: Ball 3-1: Foul Ball, location: 2F 3-2: Strikes out looking | Batting: RHB Bobby Miller | 0-0: Called Strike 0-1: Ball 1-1: Ground out 4-3 (Groundball, 34) Fernando Bórquez to second | Pitching: LHP Clarence Gill | | Batting: LHB Miguel Gálvez | 0-0: Called Strike 0-1: Ball 1-1: Swinging Strike 1-2: Strikes out swinging | Bottom of the 8th over - 0 runs, 1 hit, 0 errors, 1 left on base; Culver City 8 - Riverside 6 | TOP OF THE 9TH |
---|
Culver City Extras batting - Pitching for Riverside Red Bulls : RHP Gustavo Castillo | Batting: LHB Randy Wiggins | 0-0: Ground out 1-3 (Groundball, P) | Batting: SHB Juan Carlos Mesa | 0-0: Foul Ball, location: 2F 0-1: Ball 1-1: Ball 2-1: Foul Ball, location: 2F 2-2: Strikes out swinging | Batting: SHB Joey Boyd | 0-0: Called Strike 0-1: Ball 1-1: Ball 2-1: Ball 3-1: Base on Balls | Batting: LHB Jorge Martínez | 0-0: Ball 1-0: Ball 2-0: Called Strike 2-1: Foul Ball, location: 2F 2-2: Foul Ball, location: 2F 2-2: Ball 3-2: Base on Balls Joey Boyd to second | Batting: LHB Juan Hinojosa | 0-0: Ball 1-0: Called Strike 1-1: Ground out 5-3 (Groundball, 56S) | Top of the 9th over - 0 runs, 0 hits, 0 errors, 2 left on base; Culver City 8 - Riverside 6 | BOTTOM OF THE 9TH |
---|
Riverside Red Bulls batting - Pitching for Culver City Extras : LHP Clarence Gill | Pitching: RHP Alejandro Longoria | | Batting: RHB José García | 0-0: Called Strike 0-1: Called Strike 0-2: Strikes out looking | Batting: RHB Patrick Daniels | 0-0: Ground out 6-3 (Groundball, 6) | Batting: RHB Gilberto Silva | 0-0: Hit by Pitch | Batting: RHB Robert Stevens | 0-0: Foul Ball, location: 2F 0-1: Ball 1-1: Ball 2-1: Foul Ball, location: 2F 2-2: Strikes out swinging | Bottom of the 9th over - 0 runs, 0 hits, 0 errors, 1 left on base; Culver City 8 - Riverside 6 | |